[Event "FIDE WY-U16 Olympiad 2022"]
[Site "Nakhchivan"]
[Date "2022.10.02"]
[Round "1.19"]
[White "Han, Xuqian Ben"]
[Black "Iunusov, Nuriddin"]
[Result "0-1"]
[ECO "B56"]
[WhiteElo "1610"]
[BlackElo "1940"]
[Annotator "TA"]
[PlyCount "56"]
[EventDate "2022.10.02"]
[EventType "team-tourn"]
[EventCountry "AZE"]
[SourceTitle "playchess.com"]
[Source "ChessBase"]
[SourceQuality "1"]
[WhiteTeam "Hong Kong"]
[BlackTeam "Kyrgyzstan"]
[WhiteTeamCountry "HKG"]
[BlackTeamCountry "KGZ"]
[TimeControl "40/5400+30:1800+30"]

1. e4 c5 2. Nf3 d6 3. d4 cxd4 4. Nxd4 Nf6 5. Nc3 e5 6. Bb5+ Bd7 7. Bxd7+ Qxd7 8. Nde2 Be7 {[%emt 0:09:03] B56: Classical Sicilian: Unusual Lines.} 9. Bg5 O-O 10. Ng3 g6 {[%emt 0:27:11] White is better.} 11. Qd2 Nc6 12. O-O {[%emt 0:01:12] [#]} (12. O-O-O $16) 12... Rac8 $146 ({Predecessor:} 12... Nd4 13. f4 Qd8 14. Rad1 Rc8 15. Kh1 Rc6 16. h3 Kh8 17. Qf2 Kg7 18. Qe3 Ng8 19. Bxe7 Nxe7 {½-½ (40) Mezera,L (2262)-Carnevale,R (2154) ICCF email 2009}) 13. Bh6 Rfd8 14. Nf5 d5 $15 15. Nxe7+ Nxe7 16. Qg5 (16. f3 $11) 16... Nxe4 17. Nxe4 dxe4 18. Qxe5 {[%emt 0:05:16][%csl Gh6][%cal Re5g7] [#]} Nf5 {[%emt 0:00:06] Prevents Qg7+.} 19. Bg5 Re8 20. Qa5 b6 21. Qa6 (21. Qd2 $142 Qxd2 22. Bxd2) 21... Rxc2 {[%emt 0:02:17] [#] Hoping for ...e3.} 22. Rad1 Qc6 $36 {[%emt 0:02:36][%mdl 2048] ...e3 is the strong threat. Black is really pushing. Black has more active pieces.} 23. Qxa7 $2 {[%emt 0:03:33][%mdl 8192] Loses the game.} (23. Rc1 $17) 23... e3 $19 {[%emt 0:00:30][%cal Be4e3,Be3f2][%mdl 32] ( -> ...Rxf2)} 24. Rb1 Ra8 (24... Rxf2 $142 25. Qxf7+ Kxf7 26. Rxf2 exf2+ 27. Kxf2 Qc2+ 28. Kg1 Qxb1+ 29. Bc1 Qxc1+ 30. Kf2 Qf4+ 31. Kg1 Re1#) 25. Qxa8+ Qxa8 26. Rbc1 exf2+ 27. Kh1 Rxc1 28. Rxc1 Qa6 {[%emt 0:00:05] Weighted Error Value: White=0.94/Black=0.37} 0-1

[Event "FIDE WY-U16 Olympiad 2022"]
[Site "Nakhchivan"]
[Date "2022.10.02"]
[Round "1.20"]
[White "Dasgupta, Avyukt"]
[Black "Mustu, Hatice Asli"]
[Result "1-0"]
[ECO "A45"]
[WhiteElo "1741"]
[BlackElo "1826"]
[Annotator "NA RC COMBH"]
[PlyCount "115"]
[EventDate "2022.10.02"]
[EventType "team-tourn"]
[EventCountry "AZE"]
[SourceTitle "playchess.com"]
[Source "ChessBase"]
[SourceQuality "1"]
[WhiteTeam "England"]
[BlackTeam "Turkey"]
[WhiteTeamCountry "ENG"]
[BlackTeamCountry "TUR"]
[TimeControl "40/5400+30:1800+30"]

1. d4 Nf6 2. c3 d5 3. Bf4 e6 4. e3 Bd6 5. Bxd6 Qxd6 6. Nf3 Nbd7 7. Nbd2 b6 8. Bd3 Bb7 9. O-O Ne4 10. Qc2 f5 11. Ne1 O-O 12. f4 Ndf6 13. Nef3 Ng4 14. Rae1 Qe7 15. h3 Nh6 16. Ne5 g5 17. Bxe4 dxe4 18. Qd1 gxf4 19. Rxf4 Qg5 20. Qa4 Rfd8 21. Qc4 Qe7 22. Qe2 Nf7 23. Ndc4 Nd6 24. Qh5 Qg7 25. Kh2 Ba6 26. Nd2 Kh8 27. g4 Rg8 28. Rg1 Raf8 29. g5 Nf7 30. Nxf7+ Rxf7 31. Nxe4 Be2 32. Qxe2 fxe4 33. Rxe4 Rgf8 34. Rg2 Rf3 35. Qe1 Qd7 36. Qh4 Qd6+ 37. Re5 R8f7 38. g6 Rg7 39. Qe4 Rf5 40. Qa8+ Rf8 41. Qe4 hxg6 42. Rxg6 Rh7 43. Rgxe6 Qd7 44. Qg2 Rg8 45. Qf3 Qg7 46. Qf6 Rf8 47. Qxg7+ Rxg7 48. Re8 Rgf7 49. Rxf8+ Rxf8 50. Kg2 Rf7 51. e4 Kg7 52. Rg5+ Kh6 53. Rf5 Rg7+ 54. Kf2 Kg6 55. h4 Kh6 56. e5 Rg4 57. e6 Re4 58. Re5 1-0

[Event "FIDE WY-U16 Olympiad 2022"]
[Site "Nakhchivan"]
[Date "2022.10.02"]
[Round "1.21"]
[White "Anand, Batsukh"]
[Black "Baghirov, Orkhan"]
[Result "1-0"]
[ECO "D30"]
[WhiteElo "2201"]
[BlackElo "1662"]
[Annotator "TA"]
[PlyCount "137"]
[EventDate "2022.10.02"]
[EventType "team-tourn"]
[EventCountry "AZE"]
[SourceTitle "playchess.com"]
[Source "ChessBase"]
[SourceQuality "1"]
[WhiteTeam "Mongolia"]
[BlackTeam "Azerbaijan"]
[WhiteTeamCountry "MGL"]
[BlackTeamCountry "AZE"]
[TimeControl "40/5400+30:1800+30"]

1. d4 d5 2. c4 e6 3. Nf3 a6 4. g3 dxc4 5. Bg2 b5 6. Ne5 {[%emt 0:01:03] D30: Queen's Gambit Declined: Systems without Nc3.} c6 7. O-O Bb7 8. a4 {[%emt 0:08:23] The position is equal.} Nf6 9. Nc3 Be7 {[%emt 0:18:49] [#]} 10. b3 $146 (10. axb5 $11 axb5 11. Rxa8 Bxa8 12. Nxb5) ({Predecessor:} 10. axb5 axb5 11. Rxa8 Bxa8 12. Nxb5 cxb5 13. Bxa8 O-O 14. Bg2 Nd5 15. e4 Nb4 16. d5 exd5 17. exd5 {1-0 (56) Abasov,N (2632)-Grandelius,N (2691) chess24.com INT 2020}) 10... b4 $17 11. Ne4 Nxe4 12. Bxe4 c3 13. Qd3 h6 (13... a5 $17 14. Rd1 f5) 14. a5 $15 O-O (14... Nd7 $5 15. Nxc6 Qc8 16. Nxe7 Bxe4 17. Qxe4 Kxe7 $11) 15. Bf4 Bg5 $2 (15... Nd7 $15 {stays ahead.} 16. Nxc6 Bxc6 17. Bxc6 Ra7) 16. Bxg5 $1 $18 Qxg5 17. Qc4 Qe7 18. Qc5 {[%emt 0:04:39] Against Ra7} Qxc5 19. dxc5 f6 20. Nd3 {[%emt 0:00:05] White is much more active.} (20. Ng6 Rd8 21. Bc2 Rd2 $11) 20... Nd7 21. Ra4 $1 Rab8 (21... f5 22. Bg2 $14) 22. Rxb4 Ba8 23. Rxb8 Rxb8 24. b4 f5 (24... Ne5 $16 {was necessary.}) 25. Bg2 e5 26. f3 {[%emt 0:04:54] Prevents e4.} Nf6 27. e4 (27. Nxe5 $16 {Hoping for Rc1.} Rxb4 28. Rc1) 27... Rd8 $1 $11 28. Nf2 (28. Nxe5 $2 c2 29. Kf2 Rd2+ 30. Ke3 Rxg2 $19) 28... c2 (28... fxe4 $11 29. fxe4 (29. Nxe4 Nxe4 30. fxe4 c2 $11) 29... Rd4) 29. Rc1 $1 $16 Rd2 (29... fxe4 $16 30. fxe4 (30. Rxc2 e3 $14) 30... Bb7) 30. Bf1 $18 fxe4 31. fxe4 Rd4 32. Rxc2 Rxb4 33. Bxa6 Kf8 34. Bd3 (34. Nd3 $18 {has better winning chances.} Ra4 35. Rb2 (35. Nxe5 Rxa5 36. Bd3 Ra3 $16)) 34... Ke7 $16 35. a6 h5 (35... Nd7 $16) 36. Kg2 Kd8 37. Kf3 Nd7 38. Be2 Ra4 39. Ke3 Kc7 40. Rc3 ({Much less strong is} 40. Bxh5 Rxa6 41. Rc3 Ra4) 40... g6 41. Nd3 Nf6 42. Bf3 (42. Rc1 $18) 42... Nd7 43. g4 hxg4 (43... Rxa6 $16 44. gxh5 gxh5 45. Bxh5 Ra2) 44. Bxg4 $18 Nf6 45. Bf3 Nd7 46. h3 Kd8 47. Be2 ({Don't play} 47. Bg4 Nf6 48. Bf3 Nd7 $18) 47... Nf6 {[%emt 0:00:00] [#]} 48. Nf2 Kc7 49. Bc4 Rb4 $2 (49... Nd5+ {is a better chance.} 50. exd5 cxd5) 50. Nd3 Ra4 51. Nxe5 Nd5+ 52. exd5 cxd5 53. Rd3 $2 dxc4 $16 {[%emt 0:00:00][%mdl 4096] Endgame KRB-KRN} 54. Rd7+ Kb8 $2 (54... Kc8 $16) 55. a7+ $18 Rxa7 56. Rxa7 Kxa7 {[%emt 0:00:01] KB-KN} 57. Kd4 g5 {[%emt 0:01:59] [#]} 58. Nf7 $1 {[%emt 0:00:00] White mates.} Bg2 59. Nxg5 Bd5 60. h4 ({Don't blunder} 60. Kxd5 $2 c3 61. Ke5 c2 $19) 60... Bg8 61. h5 Kb7 62. h6 Kc6 63. Ne4 Bh7 64. Nf6 Bd3 65. Ng4 Kb5 66. Ne5 Bh7 67. Nxc4 Kc6 68. Ne5+ Kc7 69. Ng4 {[%emt 0:00:00] Weighted Error Value: White=0.30/Black=0.40} 1-0

[Event "FIDE WY-U16 Olympiad 2022"]
[Site "Nakhchivan"]
[Date "2022.10.02"]
[Round "1.21"]
[White "Davudov, Tunar"]
[Black "Sapenov, Daniyal"]
[Result "0-1"]
[ECO "C78"]
[WhiteElo "1868"]
[BlackElo "2276"]
[Annotator "TA"]
[PlyCount "94"]
[EventDate "2022.10.02"]
[EventType "team-tourn"]
[EventCountry "AZE"]
[SourceTitle "playchess.com"]
[Source "ChessBase"]
[SourceQuality "1"]
[WhiteTeam "Azerbaijan"]
[BlackTeam "Kazakhstan"]
[WhiteTeamCountry "AZE"]
[BlackTeamCountry "KAZ"]
[TimeControl "40/5400+30:1800+30"]

1. e4 e5 2. Nf3 Nc6 3. Bb5 a6 4. Ba4 Nf6 5. O-O b5 6. Bb3 Bc5 7. c3 d6 8. h3 O-O 9. d4 Bb6 10. Re1 {[%emt 0:00:26] C78: Ruy Lopez: Archangelsk and Möller Defences.} h6 11. Be3 Rb8 (11... Nxe4 $2 12. Bd5 Bb7 13. Bxe4 $18) 12. Nbd2 {[%emt 0:03:15] White has an edge.} Re8 13. dxe5 {[%emt 0:01:53] [#]} Nxe5 $146 ({Predecessor:} 13... Bxe3 14. exf6 Bxd2 15. Qxd2 Qxf6 16. Re3 Be6 17. Bxe6 Qxe6 18. Nd4 Nxd4 19. cxd4 c5 {½-½ (49) Klimkowski,J (2348)-Moroni,L (2575) Warsaw 2021}) 14. Nxe5 dxe5 15. Qe2 Qe7 16. Nf3 Bxe3 17. Qxe3 Nh5 18. Rad1 Nf4 19. Kh2 Rb6 20. Ng1 a5 21. g3 (21. a3 {with more complications.} a4 22. Ba2 Rf6 23. g3) 21... Ne6 22. Rd2 Nc5 23. Bc2 Bb7 24. Red1 b4 25. Nf3 Kh7 (25... bxc3 $15 26. bxc3 Bc6) 26. Nh4 g6 27. Nf3 (27. f3 $11) 27... Kg7 28. Kg2 (28. Re2 $11) 28... bxc3 $17 29. bxc3 Bc6 30. Re1 Reb8 31. c4 Re8 32. Qc3 a4 33. h4 h5 34. Bb1 $2 {[%emt 0:02:39][%mdl 8192] [#] This move loses the game for White.} (34. Rde2 $17) 34... Rxb1 $1 $19 35. Rxb1 Nxe4 36. Qe3 Nxd2 37. Qxd2 Qf6 38. Qc3 Rd8 39. Re1 {[%emt 0:00:45] Inhibits Be4.} e4 40. Qxf6+ Kxf6 {[%emt 0:00:04][%mdl 4096] Endgame KRB-KRN} 41. Ng5 Rd4 42. Rc1 (42. Re3 $142) 42... Rd2 {[%emt 0:00:46] And now ...e3+ would win. Black is clearly winning.} 43. Kf1 Rxa2 44. Rc3 a3 45. Ke1 Ra1+ 46. Kd2 a2 {[%emt 0:00:10][%cal Oa1d1] Hoping for ...Rd1+!} 47. Ra3 Rf1 {[%emt 0:00:08] Weighted Error Value: White=0.55/Black=0.17 (very precise)} 0-1

[Event "FIDE WY-U16 Olympiad 2022"]
[Site "Nakhchivan"]
[Date "2022.10.02"]
[Round "1.22"]
[White "Kairbekova, Amina"]
[Black "Israilov, Agil"]
[Result "0-1"]
[ECO "B43"]
[WhiteElo "2305"]
[BlackElo "1883"]
[Annotator "TA"]
[PlyCount "68"]
[EventDate "2022.10.02"]
[EventType "team-tourn"]
[EventCountry "AZE"]
[SourceTitle "playchess.com"]
[Source "ChessBase"]
[SourceQuality "1"]
[WhiteTeam "Kazakhstan"]
[BlackTeam "Azerbaijan"]
[WhiteTeamCountry "KAZ"]
[BlackTeamCountry "AZE"]
[TimeControl "40/5400+30:1800+30"]

1. e4 c5 2. Nf3 e6 3. d4 cxd4 4. Nxd4 a6 5. Nc3 b5 6. a3 Bb7 7. Be3 Qc7 $1 {[%emt 0:01:20] 7...Qc7 scores better than 7...d6.} 8. Be2 Nf6 {[%emt 0:01:05] B43: Sicilian: Kan Variation: 5 Nc3.} 9. f3 Be7 10. O-O O-O {[%emt 0:01:26] The position is equal.} 11. Qe1 d5 12. exd5 Nxd5 13. Nxd5 Bxd5 {[%emt 0:00:08] [#]} 14. a4 $146 ({Predecessor:} 14. Bd3 Nd7 15. Qe2 Nc5 16. c4 bxc4 17. Bxc4 Bxc4 18. Qxc4 Bd6 19. f4 Qb7 20. b4 {1-0 (51) Fazekas,M (1804)-Losonczi,M (1924) Balatonlelle 2016}) 14... b4 15. Qg3 (15. c4 $11 Bb7 16. Qg3) 15... Bd6 $1 $15 16. Qh4 Nd7 17. Bd3 (17. Rad1 $15) 17... f5 $17 {[%emt 0:01:21] Black converts the advantage convincingly.} 18. Nb3 (18. Ne2 $15) 18... Ne5 $19 19. Rac1 $2 {[%emt 0:10:10] [#]} (19. Nc1) 19... Ng6 $1 20. Qd4 (20. Qh3 $142 Bf4 21. Rce1) 20... Bxh2+ 21. Kh1 Be5 22. Qxb4 Rab8 ({But not} 22... Bxb2 $2 23. Rcd1 $19) 23. Qd2 Bxb2 24. Rb1 $2 (24. Nc5 Bxc1 25. Rxc1) 24... Bc3 25. Qf2 Rb4 {[%emt 0:07:28] [#] And now ...Rh4+ would win.} 26. Kg1 Be5 {[%emt 0:05:36] aiming for ...Bh2+.} ({Avoid the trap} 26... Rh4 $2 27. Rfc1 $19) 27. Rfc1 Bh2+ 28. Kf1 Bg3 29. Qd2 (29. Qg1 $142 Nf4 30. Ra1) 29... Rh4 {[%emt 0:02:29] Black is clearly winning.} 30. Nd4 Rh1+ 31. Ke2 Nf4+ 32. Bxf4 Bxf4 33. Rxh1 Bxd2 34. Kxd2 Qf4+ {[%emt 0:00:11] Weighted Error Value: White=0.73/Black=0.14 (very precise)} 0-1

[Event "FIDE WY-U16 Olympiad 2022"]
[Site "Nakhchivan"]
[Date "2022.10.02"]
[Round "1.22"]
[White "Isfandiyarli, Kamal"]
[Black "Tenuunbold, Battulga"]
[Result "0-1"]
[ECO "D12"]
[WhiteElo "1585"]
[BlackElo "2178"]
[Annotator "TA"]
[PlyCount "74"]
[EventDate "2022.10.02"]
[EventType "team-tourn"]
[EventCountry "AZE"]
[SourceTitle "playchess.com"]
[Source "ChessBase"]
[SourceQuality "1"]
[WhiteTeam "Azerbaijan"]
[BlackTeam "Mongolia"]
[WhiteTeamCountry "AZE"]
[BlackTeamCountry "MGL"]
[TimeControl "40/5400+30:1800+30"]

1. d4 d5 2. c4 c6 3. Nf3 Nf6 4. e3 Bf5 5. Bd3 Bg6 6. Qc2 {[%emt 0:01:28] D12: Slav Defence: 3 Nf3 Nf6 4 e3 Bf5.} e6 7. Nbd2 Nbd7 8. O-O {[%emt 0:00:33] The position is equal.} Be7 9. b3 O-O 10. Bxg6 hxg6 {[%emt 0:00:04] [#]} 11. Qd3 $146 ({Predecessor:} 11. Bb2 a5 12. a4 Nb8 13. Qd3 Na6 14. Qe2 Nb4 15. Rad1 Nd7 16. e4 Qc7 17. Rfe1 Rfe8 18. g3 Rad8 19. Kg2 b6 {0-1 (19) Dominguez Ortega,L-Garcia Cedeno,C (2071) ICCF email 2018}) 11... Rc8 12. Bb2 c5 13. Rfd1 Qb6 14. cxd5 exd5 15. dxc5 Nxc5 16. Qd4 (16. Qe2 $142) 16... Nce4 (16... Qa6 $11) 17. Qxb6 $14 axb6 18. Nd4 {[%emt 0:00:46] Against Rc2} Bb4 19. Nb1 (19. N2f3 $14) 19... Ng4 $11 20. f3 (20. Rf1 $11) 20... Nxe3 $17 {[%emt 0:00:28] Black has more active pieces. The white rooks are badly placed.} 21. Rd3 {[%emt 0:00:14] White does not recover from this.} (21. Rc1 $17 {only move.} Bc5 22. Na3 (22. fxe4 $2 Bxd4 23. Rxc8 Bxb2 $19)) 21... Nc2 $19 22. Nxc2 Rxc2 23. fxe4 dxe4 (23... Rxb2 $2 24. Nc3 $19) 24. Rd4 Bc5 ({Worse is} 24... Rxb2 25. Rxb4 Rd8 26. Nc3 $11) 25. b4 Bxd4+ (25... Rxb2 26. bxc5 bxc5 27. Rxe4 $14) 26. Bxd4 Rc1+ 27. Kf2 Rd8 28. Ke3 Re1+ 29. Kf2 Rxb1 ({Weaker is} 29... Rxd4 30. Kxe1 Rxb4 31. Nc3 $16) 30. Rxb1 {[%emt 0:00:05] [#] Black must now prevent Ke3.} Rxd4 {[%emt 0:00:03][%mdl 4096] Endgame KR-KR} 31. Ke3 Rc4 32. a3 $2 (32. Kf4 {was worth a try.}) 32... f5 33. Rd1 g5 {[%emt 0:00:32][%cal Bg6g5,Bg5g4][%mdl 32] ...f4+ is the strong threat.} ({Avoid the trap} 33... Rc3+ $2 34. Ke2 $19) 34. Rd6 $2 (34. g3 Rc3+ 35. Kd4 Rxa3 36. g4) 34... f4+ {[%emt 0:01:41] Black is clearly winning.} 35. Kd2 g4 {[%emt 0:01:07] And now ...e3+ would win.} 36. Rxb6 Rd4+ (36... e3+ $142 37. Kd3 {[#]} Re4 $3 ) 37. Ke1 e3 {[%emt 0:00:56] Weighted Error Value: White=0.53/Black=0.32} 0-1

[Event "FIDE WY-U16 Olympiad 2022"]
[Site "Nakhchivan"]
[Date "2022.10.02"]
[Round "1.23"]
[White "Amilal Munkhdalai"]
[Black "Rzayev, Murad"]
[Result "1-0"]
[ECO "B40"]
[WhiteElo "2137"]
[BlackElo "1699"]
[Annotator "TA"]
[PlyCount "75"]
[EventDate "2022.10.02"]
[EventType "team-tourn"]
[EventCountry "AZE"]
[SourceTitle "playchess.com"]
[Source "ChessBase"]
[SourceQuality "1"]
[WhiteTeam "Mongolia"]
[BlackTeam "Azerbaijan"]
[WhiteTeamCountry "MGL"]
[BlackTeamCountry "AZE"]
[TimeControl "40/5400+30:1800+30"]

1. e4 c5 2. Nf3 e6 3. b3 Nc6 4. Bb2 d6 5. d4 cxd4 6. Nxd4 Nxd4 {[%emt 0:01:04] B50: Sicilian: 2...d6, Miscellaneous.} 7. Qxd4 Nf6 8. Bb5+ Bd7 {[%emt 0:01:11] White has an edge.} 9. Bxd7+ Qxd7 10. Nc3 Be7 11. O-O-O Qc6 {[%emt 0:08:52] [#]} 12. f4 $146 ({Predecessor:} 12. f3 a6 13. Kb1 b5 14. g4 Qc5 15. Qxc5 dxc5 16. Ne2 h6 17. Be5 Rd8 18. Rxd8+ Kxd8 19. Rd1+ Kc8 20. Nf4 Rd8 21. Rxd8+ Kxd8 22. Nd3 Kc8 23. h4 Kb7 {½-½ (23) Oelke,B (1858)-Wendt,U Mecklenburg VP 2005}) 12... Rc8 13. Kb1 Nd7 14. Rhe1 (14. Qxg7 $2 Bf6 15. Qg3 Bxc3 $19) 14... Bf6 15. e5 Be7 16. Ne4 (16. exd6 $6 Bf6 17. Qc4 Qxc4 18. bxc4 Rxc4 $11) 16... d5 {[%emt 0:00:26] [#]} ({Black should try} 16... dxe5 $1 $14 17. fxe5 O-O) 17. Nd6+ $1 $16 (17. Nc3 $6 a6 $11) 17... Bxd6 18. exd6 Nf6 (18... Qxc2+ $2 19. Ka1 Qg6 20. Qxd5 $18 (20. Qxg7 Qxg7 21. Bxg7 Rg8 $11) (20. Qxa7 O-O $16)) 19. Rd3 {[%emt 0:13:22] Active counter play!} ({Don't do} 19. Qxa7 $6 Qxc2+ 20. Ka1 O-O 21. Qxb7 Rcd8 $14) (19. c4 $16) 19... Qc5 {[%emt 0:04:01] This move loses the game for Black.} (19... Qxc2+ $14 20. Ka1 Qc5) 20. Qxc5 $18 Rxc5 21. Rg3 $36 {[%emt 0:05:51][%mdl 2048] Keeping Black busy.} Ne4 22. Rxg7 Nxd6 (22... Rc6 23. d7+ Ke7) 23. Rg5 (23. f5 $142) 23... Rf8 $2 (23... h6) 24. Ba3 Rc6 25. Rxd5 $1 Kd7 26. Rd3 {[%emt 0:01:02] [#] Red1 is the strong threat.} Kc7 27. Red1 Rd8 28. Kc1 f5 $2 (28... Rd7 29. Bb2 b5) 29. Bxd6+ {[%emt 0:01:22] White is clearly winning.} Rcxd6 30. Rxd6 Rxd6 31. Rxd6 Kxd6 {[%emt 0:00:06][%mdl 4096] Endgame KP-KP} 32. Kd2 Kc5 33. c3 b5 34. Kd3 a5 35. a3 h5 36. h4 b4 37. axb4+ axb4 38. c4 {[%emt 0:00:02] Weighted Error Value: White=0.18 (very precise) /Black=0.44} 1-0

[Event "FIDE WY-U16 Olympiad 2022"]
[Site "Nakhchivan"]
[Date "2022.10.02"]
[Round "1.23"]
[White "Abdulkarimli, Eljan"]
[Black "Nurgaliyev, Sauat"]
[Result "0-1"]
[ECO "B23"]
[WhiteElo "1742"]
[BlackElo "2133"]
[Annotator "TA"]
[PlyCount "78"]
[EventDate "2022.10.02"]
[EventType "team-tourn"]
[EventCountry "AZE"]
[SourceTitle "playchess.com"]
[Source "ChessBase"]
[SourceQuality "1"]
[WhiteTeam "Azerbaijan"]
[BlackTeam "Kazakhstan"]
[WhiteTeamCountry "AZE"]
[BlackTeamCountry "KAZ"]
[TimeControl "40/5400+30:1800+30"]

1. e4 c5 2. Nc3 d6 3. f4 g6 4. Nf3 Bg7 5. Bc4 Nc6 6. d3 e6 7. O-O Nge7 8. Qe1 O-O 9. Qh4 d5 {[%emt 0:03:25] B23: Closed Sicilian: Lines without g3.} 10. Bb3 (10. exd5 exd5 11. Bb3 h5 $15) 10... Nd4 (10... Na5 {keeps more tension.} 11. f5 gxf5 12. Bh6 Nxb3 13. axb3 f6) 11. Nxd4 {[%emt 0:05:59] 11.f5 is more fashionable.} ({But not} 11. Ng5 h6 12. Nf3 b6 $15) 11... cxd4 {[%emt 0:00:34] The position is equal.} 12. Ne2 dxe4 13. dxe4 Nc6 14. Qh3 {[%emt 0:28:44] [#]} (14. Qf2 $11) 14... b6 $146 ({Predecessor:} 14... Na5 15. e5 Nxb3 16. axb3 Qb6 17. Kh1 Bd7 18. Rd1 Rfd8 19. Nxd4 Bc6 20. Be3 Be4 {1-0 (31) Prieto Aranguren,A (2256)-Risteski,E (2363) Chess.com INT 2022}) 15. Rd1 Ba6 $36 {[%emt 0:01:05][%mdl 2048] Black is pushing.} 16. Ng3 Qe7 17. f5 (17. e5 $15) 17... Rfe8 (17... Ne5 $17) 18. Bh6 $11 Bf6 (18... Ne5 $1 $15) 19. Re1 d3 {[%emt 0:06:56] aiming for ...exf5.} 20. c3 Rad8 21. Rad1 $2 (21. fxe6 $11 fxe6 22. Nf1) 21... Ne5 {[%emt 0:01:43] White is on the road to losing.} (21... exf5 $17 {Hoping for ...Bc8.} 22. Bd2 f4 23. Bxf4 Bc8) 22. Bd2 {[%emt 0:03:08] [#]} (22. fxe6 $15 fxe6 23. Nf1) 22... Bc4 $1 $17 23. Rf1 Bxb3 {[%emt 0:00:48] Black is more active.} 24. axb3 Bg5 {[%emt 0:03:01] Strongly threatening ...Bxd2.} 25. f6 ({White should play} 25. fxe6 fxe6 26. Nh1) 25... Bxf6 26. Rxf6 (26. Nh1 $17) 26... Qxf6 $19 27. Rf1 Qe7 28. Qh6 Ng4 29. Qf4 f5 30. h3 Nf6 31. Qh6 (31. e5 {keeps fighting.} Nd5 32. Qf2) 31... Nxe4 {[%emt 0:02:55] Black is clearly winning.} 32. Nxe4 fxe4 33. Bg5 Qg7 34. Qh4 Rd5 35. Bh6 Rh5 36. Qxh5 gxh5 37. Bxg7 Kxg7 38. Rd1 Rf8 39. Kh2 Rd8 {[%emt 0:00:20] Weighted Error Value: White=0.78/Black=0.21 (precise)} 0-1